 Dungeon Crawl Stone Soup version 0.27-a0-679-g77a6b55cf3 (webtiles) character file.

Game seed: 10186820288320844970

5 rednaxela the Caller (level 1, -1/14 HPs)
             Began as a Palentonga Summoner on Mar 18, 2021.
             Slain by a kobold
             ... wielding a +0 dagger
              (3 damage)
             ... on level 1 of the Dungeon.
             The game lasted 00:01:23 (711 turns).

rednaxela the Caller (Palentonga Summoner)           Turns: 711, Time: 00:01:24

Health: -1/14      AC:  5    Str: 11    XL:     1   Next: 66%
Magic:  2/3        EV:  9    Int: 15    God:
Gold:   23         SH:  0    Dex: 10    Spells: 3/4 levels left

rFire    . . .     SeeInvis +     - Unarmed
rCold    . . .     Faith    .   (no shield)
rNeg     . . .     Spirit   .   a - +0 robe
rPois    .         Reflect  .   (no helmet)
rElec    .         Harm     .   e - +0 cloak
rCorr    .         Rampage  .   (no gloves)
Will     .....                  (no barding)
Stlth    +.........             (no amulet)
HPRegen  0.04/turn              (no ring)
MPRegen  0.08/turn              (no ring)

@: no status effects
A: large, rugged brown scales 3, see invisible, deformed body, roll 1, armoured
tail
a: Rolling Charge


You were on level 1 of the Dungeon.
You visited 1 branch of the dungeon, and saw 1 of its levels.

You collected 23 gold pieces.

Inventory:

Hand Weapons
 c - a +2 vorpal hunting sling
   (You found it on level 1 of the Dungeon)
Armour
 a - a +0 robe (worn)
 d - a +0 ring mail
   (You found it on level 1 of the Dungeon)
 e - a +0 cloak (worn)
   (You found it on level 1 of the Dungeon)
Potions
 b - a potion of resistance {unknown}
 f - a potion of berserk rage {unknown}


   Skills:
 - Level 1.5 Dodging
 - Level 1.2 Stealth
 + Level 1.3 Unarmed Combat
 - Level 2.0 Spellcasting
 - Level 3.2 Summonings


You had 3 spell levels left.
You knew the following spells:

 Your Spells              Type           Power      Damage    Failure   Level
a - Summon Small Mammal   Summ           44%        N/A       6%          1

Your spell library contained the following spells:

 Spells                   Type           Power      Damage    Failure   Level
 Call Imp                 Summ           11%        N/A       9%          2
 Call Canine Familiar     Summ           11%        N/A       17%         3
 Summon Guardian Golem    Hex/Summ       6%         N/A       34%         3
 Summon Ice Beast         Ice/Summ       6%         N/A       75%         4
 Summon Lightning Spire   Summ/Air       6%         N/A       75%         4


Dungeon Overview and Level Annotations

Branches:
Dungeon (1/15)

Altars:

Shops:
D:1 *


Innate Abilities, Weirdness & Mutations

You are completely covered in rugged brown scales. (AC +3, +7% HP)
You have supernaturally acute eyesight. (SInv)
Armour fits poorly on your strangely shaped body.
You can roll at nearby foes to attack.
You have a long armoured tail.


Message History

Confirm with . or Enter, or press ? or * to list all spells.
The goblin shouts!
You hear a shout!
Your quokka misses the goblin.
A hobgoblin comes into view.
A rat comes into view.
Your quokka closely misses the goblin.
You hit the goblin.
The goblin is severely wounded.
Your quokka barely misses the goblin.
The goblin closely misses you.
You miss the goblin.
The goblin is severely wounded.
Your quokka barely misses the goblin.
The goblin hits you but does no damage.
You hit the goblin.
You kill the goblin!
You swap places.
Found 9 bolts.
There is an open door here.
Things that are here:
a +0 dagger; a goblin corpse The hobgoblin barely misses your quokka.
The rat bites you but does no damage.
You closely miss the rat.
Your quokka bites the rat.
The rat dies!
Your quokka misses the hobgoblin. You hit the hobgoblin but do no damage.
Your quokka bites the hobgoblin.
The hobgoblin barely misses you.
You hit the hobgoblin.
The hobgoblin is heavily wounded.
The hobgoblin barely misses you.
Your quokka bites the hobgoblin but does no damage.
You completely miss the hobgoblin. You tail-slap the hobgoblin.
You kill the hobgoblin!
Your Unarmed Combat skill increases to level 1!
You swap places.
You see here a hobgoblin corpse.
b - a metallic silvery potion Your quokka disappears in a puff of smoke!
Your bat disappears in a puff of smoke!
Found 20 bolts.
You see here 20 bolts.
Found a runed hunting sling.
You see here a +2 vorpal hunting sling.
c - a +2 vorpal hunting sling A rat comes into view.
Casting: Summon Small Mammal (safe; 6% risk of failure)
Confirm with . or Enter, or press ? or * to list all spells.
Your quokka misses the rat. The rat bites you.
Your quokka bites the rat.
You closely miss the rat.
The rat is heavily wounded.
The rat twitches its whiskers.
The rat bites you but does no damage.
Your quokka bites the rat but does no damage.
You hit the rat.
You kill the rat!
Your quokka disappears in a puff of smoke!
You open the door.
There is an open door here.
Found a stone staircase leading down.
There is a stone staircase leading down here.
Found a ring mail.
You see here a +0 ring mail.
d - a +0 ring mail
Found a cloak.
Found a club.
You see here a +0 cloak.
e - a +0 cloak You start putting on your armour.
You continue putting on your +0 cloak. x4
You finish putting on your +0 cloak.
You open the door.
Found a stone staircase leading down.
There is an open door here.
There is a stone staircase leading down here.
Found a falchion.
f - a fuming cyan potion You see here a +0 falchion.
A rat comes into view.
You barely miss the rat.
Your tail-slap misses the rat.
The rat barely misses you.
You hit the rat.
You kill the rat!
You see here a rat corpse.
A kobold comes into view. It is wielding a +0 dagger.
The kobold shouts!
The kobold closely misses you.
You closely miss the kobold. The kobold barely misses you.
You miss the kobold.
Your tail-slap misses the kobold.
The kobold hits you with a +0 dagger.
* * * LOW HITPOINT WARNING * * *
You are too injured to fight recklessly!
You are too injured to fight recklessly!
You barely miss the kobold. The kobold hits you with a +0 dagger.
* * * LOW HITPOINT WARNING * * *
You closely miss the kobold.
Your tail-slap misses the kobold.
The kobold hits you with a +0 dagger.
* * * LOW HITPOINT WARNING * * *
Casting: Summon Small Mammal (safe; 6% risk of failure)
Confirm with . or Enter, or press ? or * to list all spells.
The kobold hits you with a +0 dagger.
You die...

### ##
#.###################.#
#...........@Kr.......#
####.###################.#
#....# #.# #.####
###.####### #.#
#.......... #.#
#....###### #†# #....# #.#
#....# #.# .... #....#


You could see a kobold (ally target) and a friendly quokka (summoned).

Vanquished Creatures
  A goblin (D:1)
  A hobgoblin (D:1)
  2 rats (D:1)
4 creatures vanquished.

Vanquished Creatures (collateral kills)
  A goblin (D:1)
  A rat (D:1)
2 creatures vanquished.

Grand Total: 6 creatures vanquished

Notes
Turn   | Place    | Note
-------+----------+-------------------------------------------
     0 | D:1      | rednaxela the Palentonga Summoner began the quest for the
                  | Orb.
     0 | D:1      | Reached XP level 1. HP: 14/14 MP: 3/3
   119 | D:1      | Found Menik's Assorted Antiques.
   384 | D:1      | Reached skill level 1 in Unarmed Combat
   711 | D:1      | Slain by a kobold

Illustrated notes

Levels and vault maps discovered:
D:1:      minmay_arrival_loop, layout_basic, serial_shops, shop

Skill      XL: |  1 |
---------------+----+-----
Unarmed Combat | 1 |  1.3
Dodging        | |  1.5
Stealth        | |  1.2
Spellcasting   | |  2.0
Summonings     | |  3.2

Action                   || total
-------------------------++-------
Melee: Unarmed           ||    17
       Tailslap          ||     2
 Cast: Summon Small Mamm ||     6
Armor: Robe              ||     3
Dodge: Dodged            ||     7

Table legend: (Time is in decaauts)
 A = Elapsed time spent in this place.
 B = Non-inter-level travel time spent in this place.
 C = Inter-level travel time spent in this place.
 D = Time resting spent in this place.
 E = Time spent auto-exploring this place.
 F = Levels seen in this place.
 G = Mean time per level.
                   A        B        C        D        E       F      G
               +--------+--------+--------+--------+--------+-----+--------+
         Total |    710 |    710 |      0 |    195 |    412 |   1 |  710.0 |
       Dungeon |    710 |    710 |      0 |    195 |    412 |   1 |  710.0 |
               +--------+--------+--------+--------+--------+-----+--------+

Top non-repeatable levels by time:
     D:1: 710 daAuts
